 Dungeon Crawl Stone Soup version 0.30.1-1-g62c8e00024 (webtiles) character file.

Game seed: 12932592012067096171

30 Wiggles the Trooper (level 3, -7/34 HPs)
             Began as a Minotaur Berserker on July 14, 2023.
             Was a Follower of Trog.
             Mangled by Sigmund
             ... wielding a +0 scythe
              (9 damage)
             ... on level 2 of the Dungeon.
             The game lasted 00:01:36 (842 turns).

Wiggles the Trooper (Minotaur Berserker)             Turns: 842, Time: 00:01:37

Health: -7/34      AC:  5    Str: 23    XL:     3   Next: 5%
Magic:  2/2        EV: 11    Int:  4    God:    Trog [*.....]
Gold:   54         SH:  0    Dex:  9    Spells: 2/2 levels left

rFire   . . .        a - +0 hand axe
rCold   . . .        (no shield)
rNeg    . . .        o - +0 ring mail
rPois   .            (helmet restricted)
rElec   .            (no cloak)
rCorr   .            (no gloves)
SInv    .            (no boots)
Will    .....        (no amulet) Stlth
                     (no ring)
HPRegen 0.25/turn    (no ring)
MPRegen 0.08/turn

%: no passive effects
@: confused, on berserk cooldown, slowed, very slow
A: horns 2, retaliatory headbutt
a: Renounce Religion, Berserk


You were on level 2 of the Dungeon.
You worshipped Trog.
Trog was aware of your devotion.
You visited 1 branch of the dungeon, and saw 2 of its levels.

You collected 54 gold pieces.

Inventory:

Hand Weapons
 a - a +0 hand axe (weapon)
Armour
 o - a +0 ring mail (worn)
Scrolls
 c - 5 scrolls of blinking {unknown}
 e - a scroll of amnesia {unknown}
 h - a scroll of magic mapping {unknown}
 k - a scroll of vulnerability {unknown}
 s - a scroll of identify {unknown}
Potions
 b - a potion of brilliance {unknown}
 d - a potion of mutation {unknown}
 f - a potion of ambrosia {unknown}
 g - a potion of curing {unknown}
 i - a potion of berserk rage {unknown}
 j - a potion of haste {unknown}
 l - a potion of invisibility {unknown}
 m - a potion of flight {unknown}
 n - a potion of experience {unknown}
 p - a potion of resistance {unknown}
 q - a potion of might {unknown}
 r - a potion of attraction {unknown}


   Skills:
 + Level 4.5 Fighting
 + Level 4.1 Axes
 + Level 2.5 Armour
 + Level 2.3 Dodging


You had 2 spell levels left.
You didn't know any spells.
Your spell library was empty.

Dungeon Overview and Level Annotations

Branches:
Dungeon (2/15)

Altars:

Annotations:
D:2 Sigmund


Innate Abilities, Weirdness & Mutations

You have a pair of horns on your head.
You reflexively headbutt those who attack you in melee.


Message History

You slash the ball python!
You kill the ball python!
Trog accepts your kill.
Sigmund hits you from afar with a +0 scythe!
A goblin comes into view. It is wielding a +0 dagger.
Sigmund casts a spell.
Sigmund flickers and vanishes!
Deactivating autopickup; reactivate with Ctrl-A.
The goblin shouts!
Something hits you.
You miss something. Your headbutt misses something.
An endoplasm comes into view.
The endoplasm quivers.
Something hits you. Something hits you but does no damage.
A kobold comes into view. It is wielding a +0 dagger of freezing.
You feel less confused.
The kobold shouts!
A goblin comes into view. It is wielding a +0 dagger.
A red film seems to cover your vision as you go berserk!
You feel yourself moving faster!
You feel mighty! Something hits you!
* * * LOW HITPOINT WARNING * * *
The goblin hits you but does no damage.
You feel a strong urge to attack something.
A magic dart appears from out of thin air!
The magic dart hits you.
* * * LOW HITPOINT WARNING * * *
A rat comes into view.
You feel your anger nearly subside.
You are no longer berserk.
You are exhausted.
You feel yourself slow down.
You hear some strange, mumbled words.
Something tries to affect you, but you resist.
You hear some strange, mumbled words.
You are confused.
The endoplasm hits you but does no damage.
The goblin hits you with a +0 dagger.
* * * LOW HITPOINT WARNING * * *
You bump into the rock wall.
Something hits you!
You die...

#..# #.?# ..... #...##..#
.##.. #..#..# ####..##..
#.....### ... .......
#.....######.## #..##..
#.†...##......# #..##..
#.####.##......# #..####
.. #.##......# #..#### #.
#.@..###.## #..##.. ..
#Jg{.###.####..##.# .
#.####.K..##.†..........
#...g....###.#####.####
#.g....r...............
#....................####
#..#+#####.....###.######
.. ........# #.# #... .
(........# #.# #...


You could see an endoplasm, 2 goblins, a kobold and a rat.

Vanquished Creatures
  2 dart slugs (D:1)
  2 bats
  2 endoplasms (D:1)
  A giant cockroach (D:1)
  2 goblins (D:1)
  A hobgoblin (D:2)
  3 jackals (D:2)
  2 kobolds (D:1)
  3 quokkas (D:1)
  2 ball pythons (D:2)
  3 rats
23 creatures vanquished.

Notes
Turn   | Place    | Note
-------+----------+-------------------------------------------
     0 | D:1      | Wiggles the Minotaur Berserker began the quest for the Orb.
     0 | D:1      | Reached XP level 1. HP: 19/19 MP: 0/0
   131 | D:1      | Reached XP level 2. HP: 24/27 MP: 1/1
   814 | D:2      | Reached XP level 3. HP: 31/34 MP: 2/2
   824 | D:2      | Noticed Sigmund
   841 | D:2      | HP: 1/34 [goblin/+0 dagger (2)]
   842 | D:2      | Mangled by Sigmund

Illustrated notes

Levels and vault maps discovered:
D:1:      dpeg_arrival_rooms_a, layout_basic
D:2:      layout_basic, minmay_vboxes, uniq_natasha, uniq_sigmund

Skill      XL: |  1  2 |
---------------+-------+-----
Fighting       | 4 |  4.5
Axes           | 4 |  4.1
Armour         | |  2.5
Dodging        | |  2.3

Action                     || total
---------------------------++-------
  Melee: Hand axe          ||    39
         Headbutt          ||     8
 Invoke: Berserk           ||     1
   Stab: Sleeping          ||     2
 Armour: Ring mail         ||    10
  Dodge: Dodged            ||    30
